AoeStats
← El Messias

Black Forest

510171000Analyzed
4v4 RM · 4d ago on Sep 29, 2026· 86m 33s· 8 players
Game mode
Random Map
Map size
Large (8 player)
Population
200
Speed
Normal
Resources
Standard
Victory
Conquest
Starting age
Dark Age
Ending age
Imperial Age
RankedLock teamsTeams togetherTeam positionsShared explorationLock speedFull tech treeHidden civsTurbo modeCheats
Victory
Defeat
🇵🇱 Franks · Poland
420
+16
🇵🇱 Spanish · Poland
392
+17
🇵🇱 Byzantines · Poland
391
+17
🇵🇱 Italians · Poland
391
+17
🇺🇸 Cumans · United States
502
-19
🇧🇴 Bohemians · Bolivia
459
-19
🇧🇴 Britons · Bolivia
426
-17
🇨🇭 Vietnamese · Switzerland
304
-12
Der Ryba
0:32 Loom
15:22 Feudal Age
15:51 Double-Bit Axe
15:50 Horse Collar
17:26 Wheelbarrow
20:25 Forging
21:50 Scale Barding Armor
21:46 Padded Archer Armor
21:52 Stone Mining
27:40 Castle Age
26:20 Scale Mail Armor
27:08 Gold Mining
27:33 Fletching
28:58 Heavy Plow
29:57 Bow Saw
31:13 Husbandry
33:45 Caravan
35:53 Stone Shaft Mining
35:27 Pikeman
36:08 Squires
36:46 Fortified Wall
37:38 Hand Cart
42:46 Imperial Age
41:30 Iron Casting
41:16 Chain Barding Armor
41:12 Masonry
43:34 Ballistics
43:36 Chain Mail Armor
43:37 Leather Archer Armor
43:17 Bodkin Arrow
44:30 Two-Man Saw
43:04 Cavalier
43:48 Onager
45:18 Architecture
46:16 Conscription
46:12 Paladin
62:42 Chemistry
61:28 Arrowslits
62:46 Blast Furnace
62:22 Plate Barding Armor
62:17 Ring Archer Armor
62:18 Plate Mail Armor
61:49 Bracer
65:06 Bombard Tower
64:52 Siphons
69:02 Halberdier
Mistrz Krzychu
2:55 Loom
13:50 Feudal Age
15:51 Double-Bit Axe
16:03 Gold Mining
19:44 Wheelbarrow
20:22 Forging
20:15 Scale Mail Armor
21:33 Scale Barding Armor
24:30 Castle Age
25:58 Squires
25:18 Pikeman
26:42 Iron Casting
27:05 Gold Shaft Mining
26:27 Stone Mining
27:39 Chain Mail Armor
28:01 Fortified Wall
28:36 Arson
29:27 Bow Saw
29:29 Man-at-Arms
29:55 Gambesons
34:18 Imperial Age
32:09 Husbandry
31:36 Long Swordsman
33:20 Chain Barding Armor
33:57 Caravan
35:36 Conscription
37:40 Plate Barding Armor
40:20 Chemistry
40:17 Hand Cart
39:30 Cavalier
40:50 Plate Mail Armor
42:36 Blast Furnace
42:40 Paladin
45:09 Halberdier
69:56 Padded Archer Armor
69:46 Fletching
81:05 Masonry
81:01 Siege Engineers
81:07 Careening
81:08 Clinker Construction
80:53 Murder Holes
80:39 Treadmill Crane
81:20 Ballistics
80:50 Guard Tower
81:06 Siphons
80:47 Arrowslits
81:21 Leather Archer Armor
81:02 Bodkin Arrow
krzyh88
0:53 Loom
14:46 Feudal Age
15:43 Double-Bit Axe
15:56 Gold Mining
22:26 Castle Age
21:44 Wheelbarrow
22:24 Horse Collar
24:39 Stone Mining
25:29 Bow Saw
30:03 Murder Holes
30:19 Fortified Wall
30:25 Masonry
31:53 Silk Road
32:06 Hand Cart
33:57 Padded Archer Armor
33:58 Scale Mail Armor
34:14 Town Watch
38:02 Imperial Age
35:50 Heavy Plow
36:29 Chain Mail Armor
36:44 Pikeman
37:50 Leather Archer Armor
37:46 Forging
37:27 Fletching
38:43 Town Patrol
39:15 Caravan
40:24 Two-Man Saw
40:03 Ballistics
41:10 Architecture
40:52 Fortified Wall
45:04 Chemistry
43:55 Guard Tower
43:30 Elite Genoese Crossbowman
46:20 Plate Mail Armor
45:46 Bodkin Arrow
46:21 Ring Archer Armor
47:24 Conscription
47:40 Squires
47:47 Squires
50:11 Iron Casting
49:37 Bracer
50:28 Elite Skirmisher
przemorx
0:54 Loom
16:25 Feudal Age
18:02 Double-Bit Axe
25:11 Castle Age
23:37 Fletching
25:04 Padded Archer Armor
25:11 Scale Barding Armor
26:11 Bow Saw
33:56 Imperial Age
33:58 Wheelbarrow
32:50 Elite Skirmisher
35:07 Conscription
36:09 Hand Cart
40:38 Chemistry
39:59 Ballistics
40:21 Leather Archer Armor
43:10 Two-Man Saw
42:39 Horse Collar
44:09 Scale Mail Armor
45:15 Ring Archer Armor
46:11 Elite Cataphract
47:58 Chain Barding Armor
51:04 Logistica
51:39 Bodkin Arrow
51:57 Forging
51:53 Caravan
52:27 Thumb Ring
80:35 Greek Fire
81:15 Plate Barding Armor
80:56 Chain Mail Armor
81:16 Iron Casting
80:42 Bracer
81:01 Fortified Wall
80:14 Heavy Cavalry Archer
80:17 Crossbowman
80:24 Elite Varangian Guard
80:25 Pikeman
80:25 Man-at-Arms
80:51 Gambesons
81:06 Squires
81:34 Onager
81:36 Capped Ram
82:41 Block Printing
82:51 Illumination
82:47 Sanctity
84:19 Siege Ram
85:32 Coinage
85:13 Guilds
84:32 Halberdier
84:32 Long Swordsman
84:58 Arson
85:08 Gold Mining
85:10 Stone Mining
85:21 Murder Holes
85:17 Guard Tower
85:12 Arrowslits
85:33 Siphons
85:48 Shipwright
85:39 Clinker Construction
Max PaUra
1:53 Loom
13:14 Feudal Age
15:38 Wheelbarrow
14:50 Town Watch
20:04 Horse Collar
21:36 Double-Bit Axe
22:01 Gold Mining
22:02 Stone Mining
23:04 Bloodlines
26:03 Castle Age
24:05 Arson
27:05 Crossbowman
28:22 Crossbowman
30:09 Bow Saw
34:37 Devotion
36:25 Pikeman
37:07 Squires
38:20 Fortified Wall
39:09 Thumb Ring
39:12 Fletching
40:33 Chatras
42:50 Ballistics
42:40 Caravan
42:50 Heavy Plow
43:14 Hand Cart
45:05 Forging
47:35 Imperial Age
47:42 Iron Casting
47:13 Scale Barding Armor
47:05 Bodkin Arrow
47:11 Padded Archer Armor
47:12 Scale Mail Armor
47:29 Masonry
47:11 Guard Tower
47:52 Elite Battle Elephant
48:40 Murder Holes
50:08 Chemistry
52:09 Chain Barding Armor
52:06 Leather Archer Armor
52:37 Siege Engineers
52:15 Treadmill Crane
53:29 Theocracy
53:10 Block Printing
53:21 Illumination
53:31 Elite Skirmisher
55:21 Bracer
55:38 Chain Mail Armor
57:18 Paper Money
58:39 Halberdier
65:52 Hoardings
66:33 Two-Man Saw
67:11 Plate Barding Armor
67:08 Ring Archer Armor
71:31 Sanctity
77:22 Imperial Skirmisher
ruskihitman1
12:31 Feudal Age
11:52 Loom
14:09 Wheelbarrow
13:55 Double-Bit Axe
17:16 Horse Collar
17:26 Town Watch
23:35 Castle Age
24:45 Hand Cart
25:37 Heavy Plow
25:35 Gold Mining
25:36 Stone Mining
27:34 Gold Shaft Mining
29:20 Bow Saw
35:02 Forging
34:53 Scale Mail Armor
34:58 Scale Barding Armor
34:43 Fletching
34:53 Padded Archer Armor
38:58 Imperial Age
37:25 Elite Skirmisher
38:36 Caravan
38:35 Crossbowman
39:18 Town Watch
39:49 Thumb Ring
39:13 Heavy Cavalry Archer
40:32 Town Patrol
41:10 Crop Rotation
40:35 Imperial Skirmisher
42:07 Conscription
43:33 Two-Man Saw
44:06 Iron Casting
43:47 Chain Mail Armor
43:52 Chain Barding Armor
43:28 Bodkin Arrow
43:48 Leather Archer Armor
45:29 Hoardings
46:04 Blast Furnace
46:53 Chemistry
46:13 Ballistics
45:43 Heated Shot
46:05 Masonry
45:51 Murder Holes
46:35 Elite Steppe Lancer
46:38 Cavalier
46:41 Light Cavalry
47:34 Bloodlines
47:43 Paladin
47:47 Hussar
51:11 Plate Mail Armor
51:16 Plate Barding Armor
51:12 Ring Archer Armor
72:15 Capped Ram
Jorgex
0:43 Loom
18:47 Feudal Age
19:21 Double-Bit Axe
19:25 Horse Collar
22:24 Wheelbarrow
24:29 Town Watch
25:19 Padded Archer Armor
30:20 Castle Age
31:15 Caravan
31:22 Heavy Plow
32:47 Hand Cart
33:07 Leather Archer Armor
33:53 Coinage
33:44 Bow Saw
37:31 Imperial Age
35:31 Fortified Wall
35:46 Fletching
39:52 Chemistry
39:32 Guilds
40:45 Squires
42:45 Two-Man Saw
42:16 Conscription
43:14 Banking
43:39 Ballistics
44:21 Scale Mail Armor
44:33 Houfnice
45:45 Scale Barding Armor
46:12 Wagenburg Tactics
45:35 Elite Hussite Wagon
45:49 Pikeman
47:13 Forging
47:25 Halberdier
52:02 Arson
52:36 Chain Mail Armor
58:06 Plate Mail Armor
58:41 Light Cavalry
59:44 Capped Ram
63:33 Husbandry
64:15 Bombard Tower
64:34 Iron Casting
66:35 Cavalier
67:08 Guard Tower
70:28 Heavy Scorpion
El Messias
0:30 Loom
15:19 Feudal Age
15:58 Double-Bit Axe
23:02 Castle Age
21:30 Stone Mining
24:07 Gold Mining
28:38 Fletching
30:50 Gold Shaft Mining
33:15 Padded Archer Armor
33:11 Bodkin Arrow
35:52 Wheelbarrow
38:04 Ballistics
37:56 Fortified Wall
39:20 Leather Archer Armor
38:49 Treadmill Crane
39:05 Murder Holes
39:21 Masonry
40:51 Hand Cart
46:02 Imperial Age
44:38 Bow Saw
46:48 Yeomen
46:36 Scale Barding Armor
46:31 Scale Mail Armor
46:42 Forging
46:17 Elite Longbowman
47:33 Hoardings
46:29 Sappers
47:19 Conscription
47:00 Warwolf
47:08 Caravan
48:13 Two-Man Saw
48:43 Chemistry
47:50 Siege Engineers
48:21 Bracer
48:52 Ring Archer Armor
48:38 Chain Mail Armor
48:44 Chain Barding Armor
48:58 Architecture
48:20 Heated Shot
50:13 Heavy Scorpion
50:14 Onager
53:32 Bracer
54:02 Ring Archer Armor
53:49 Chain Mail Armor
54:10 Iron Casting
53:56 Chain Barding Armor
53:44 Siege Engineers
54:09 Architecture
54:42 Chemistry
58:38 Pikeman
59:19 Squires
59:04 Arson
63:01 Man-at-Arms
63:02 Halberdier
Connection lost

Rejoining the realm…

Still unreachable

The connection could not be restored.

Session expired

The server has moved on; the page needs a fresh start.